 Dungeon Crawl Stone Soup version 0.31-a0-4-gefa6de2278 (webtiles) character file.

Game seed: 3324134260662410672

55 themarg the Gusty (level 3, 0/19 HPs)
             Began as a Tengu Air Elementalist on May 4, 2023.
             Slain by a gnoll
             ... wielding a +0 flail
              (4 damage)
             ... on level 3 of the Dungeon.
             The game lasted 00:05:41 (2170 turns).

themarg the Gusty (Tengu Air Elementalist)          Turns: 2170, Time: 00:05:41

Health: 0/19       AC:  3    Str:  8    XL:     3   Next: 93%
Magic:  7/7        EV: 12    Int: 17    God:
Gold:   68         SH:  0    Dex: 14    Spells: 3/6 levels left

rFire   . . .        k - +2 dagger (venom)
rCold   . . .        (no shield)
rNeg    . . .        a - +1 robe
rPois   .            (helmet restricted)
rElec   .            (no cloak)
rCorr   .            (no gloves)
SInv    .            (boots unavailable)
Will    .....        (no amulet)
Stlth   ++           (no ring)
HPRegen 0.23/turn    (no ring)
MPRegen 0.10/turn

%: no passive effects
@: no status effects
A: beak, talons 3
a: no special abilities


You were on level 3 of the Dungeon.
You visited 1 branch of the dungeon, and saw 3 of its levels.

You collected 68 gold pieces.

Inventory:

Hand Weapons
 k - a +2 dagger of venom (weapon)
 r - a +1 mace of protection
Missiles
 d - 15 stones
Armour
 a - a +1 robe (worn)
Jewellery
 e - the ring of Cevakuas {rCorr AC+4 Str+6}
   (You found it on level 2 of the Dungeon)

   [ring of protection]

   AC:        It affects your AC (+4).
   Str:       It affects your strength (+6).
   rCorr:     It protects you from acid and corrosion.
 s - an amulet of regeneration
Scrolls
 c - 2 scrolls of teleportation {unknown}
 g - a scroll of enchant weapon {unknown}
 h - a scroll of enchant armour
 i - a scroll of fog {unknown}
 j - a scroll of torment {unknown}
 m - 2 scrolls of identify {unknown}
 p - a scroll of amnesia {unknown}
Potions
 f - a potion of brilliance {unknown}
 l - a potion of lignification {unknown}
 n - a potion of invisibility {unknown}
 o - a potion of mutation {unknown}
 q - a potion of heal wounds {unknown}


   Skills:
 - Level 2.1 Dodging
 - Level 3.0 Stealth
 - Level 2.0 Spellcasting
 - Level 4.0 Conjurations
 + Level 4.1 Air Magic


You had 3 spell levels left.
You knew the following spells:

 Your Spells              Type           Power      Damage    Failure   Level
a - Shock                 Conj/Air       60%        1d6       3%          1
b - Static Discharge      Conj/Air       30%        2-4/arc   5%          2

Your spell library contained the following spells:

 Spells                   Type           Power      Damage    Failure   Level
 Kiss of Death            Conj/Necr      32%        2d7       9%          1
 Swiftness                Air            15%        N/A       11%         3
 Cigotuvi's Dreadful Rot  Necr/Pois/Air  12%        N/A       17%         2
 Confusing Touch          Hex            1%         N/A       50%         3
 Airstrike                Air            7%         2d(2-18)  34%         4
 Dispel Undead            Necr           1%         3d6       88%         4
 Death Channel            Necr           0%         N/A       100%        6


Dungeon Overview and Level Annotations

Branches:
Dungeon (3/15)

Altars:

Annotations:
D:3 3 exclusions


Innate Abilities, Weirdness & Mutations

You have a beak for a mouth.
You have claws for feet.


Message History

The ball python is severely wounded.
You are struck by an arc of lightning.
The lightning grounds out.
The ball python bites you. The ball python grabs you.
The ball python constricts you. The gnoll barely misses you.
Aiming: Shock (safe; 3% risk of failure)
Press: ? - help, Shift-Dir - straight line The zap hits the ball python.
You kill the ball python!
The zap hits the gnoll.
The gnoll is moderately wounded.
The gnoll hits you from afar with a +0 spear.
Aiming: Shock (safe; 3% risk of failure)
Press: ? - help, Shift-Dir - straight line The zap hits the gnoll but does no damage.
The gnoll is lightly wounded.
The zap hits the gnoll.
The gnoll is lightly wounded.
The gnoll barely misses you.
The gnoll hits you from afar with a +0 spear.
Aiming: Shock (safe; 3% risk of failure)
Press: ? - help, Shift-Dir - straight line, f - gnoll
Aim: a gnoll, wielding a +0 spear (wandering, hasn't noticed you, 75% to hit)
The zap hits the gnoll.
The gnoll is heavily wounded.
The zap hits the gnoll.
The gnoll is moderately wounded.
The zap hits the gnoll but does no damage.
The gnoll hits you from afar with a +0 spear.
* * * LOW HITPOINT WARNING * * *
The gnoll hits you with a +0 flail.
* * * LOW HITPOINT WARNING * * *
Found a fizzy white potion.
As you read the scroll labelled NEAFEF ROMUI, it crumbles to dust.
It is a scroll of enchant armour.
Your +0 robe glows green for a moment.
The gnoll barely misses you. The gnoll closely misses you.
Magic courses through your body. The gnoll hits you but does no damage.
The gnoll attacks as you move away! The gnoll closely misses you.
The gnoll attacks as you move away! The gnoll hits you with a +0 flail.
You die...

...$..#..##.##...# #.##.
#####.#.....##. .# #.# .
#>....####...# #.# #.....#
#...#######.#.# #.###g#
#...##........# ##.
##.####........##....
.g..#..g............##..#
##.................##...
.!......g@...........##...
...#.#######........†##...
## #. #..<##.......## #
#...#####.##.# #.. #.##.##
#. #....<. #######


You could see 4 gnolls.

Vanquished Creatures
  2 dart slugs
  4 ball pythons
  4 bats
  2 endoplasms
  3 giant cockroaches
  5 goblins
  8 hobgoblins
  4 jackals (D:1)
  3 kobolds
  A quokka (D:3)
  6 rats
42 creatures vanquished.

Notes
Turn   | Place    | Note
-------+----------+-------------------------------------------
     0 | D:1      | themarg the Tengu Air Elementalist began the quest for the
                  | Orb.
     0 | D:1      | Reached XP level 1. HP: 10/10 MP: 4/4
    80 | D:1      | Found a faded altar of an unknown god.
   179 | D:1      | Reached XP level 2. HP: 15/15 MP: 0/6
   361 | D:1      | Learned a level 2 spell: Static Discharge
  1093 | D:1      | Reached XP level 3. HP: 14/19 MP: 0/7
  1355 | D:2      | Identified the ring of Cevakuas {rCorr AC+4 Str+6}
  2170 | D:3      | Slain by a gnoll

Illustrated notes

Levels and vault maps discovered:
D:1:      scummos_arrival_checkerplants, layout_loops_ring,
          chequers_ecumenical_altar_simple_redux
D:2:      wander_river, layout_basic
D:3:      layout_loops_cross, nicolae_vehumet_radiance, portal_sewer_entry_a,
          nicolae_elevator_lobby_asterisk

Skill      XL: |  1  2  3 |
---------------+----------+-----
Conjurations   | 2 4 |  4.0
Stealth        | 3 |  3.0
Dodging        | |  2.1
Spellcasting   | |  2.0
Air Magic      | |  4.1

Action                     || total
---------------------------++-------
  Melee: Dagger            ||     5
         Kick              ||     1
   Cast: Shock             ||    93
         Static Discharge  ||     4
    Use: Scroll            ||     1
         Potion            ||     1
 Armour: Robe              ||     3
  Dodge: Dodged            ||    16

Table legend: (Time is in decaauts)
 A = Elapsed time spent in this place.
 B = Non-inter-level travel time spent in this place.
 C = Inter-level travel time spent in this place.
 D = Time resting spent in this place.
 E = Time spent auto-exploring this place.
 F = Levels seen in this place.
 G = Mean time per level.
                   A        B        C        D        E       F      G
               +--------+--------+--------+--------+--------+-----+--------+
         Total |   2193 |   2102 |     91 |    116 |   1655 |   3 |  731.0 |
       Dungeon |   2193 |   2102 |     91 |    116 |   1655 |   3 |  731.0 |
               +--------+--------+--------+--------+--------+-----+--------+

Top non-repeatable levels by time:
     D:1: 1271 daAuts
     D:2: 808 daAuts
     D:3: 112 daAuts
